 Dungeon Crawl Stone Soup version 0.30-b1-2-g02819fbbbe (webtiles) character file.

Game seed: 4654312260102908889

2438 Alarkh the Skirmisher (level 9, -5/68 HPs)
             Began as a Demonspawn Hexslinger on May 23, 2023.
             Slain by a hornet (6 damage)
             ... on level 7 of the Dungeon.
             The game lasted 00:13:27 (6291 turns).

Alarkh the Skirmisher (Demonspawn Hexslinger)       Turns: 6291, Time: 00:13:27

Health: -5/68      AC:  6    Str: 10    XL:     9   Next: 25%
Magic:  9/9        EV: 12    Int: 16    God:
Gold:   486        SH:  5    Dex: 15    Spells: 9/10 levels left

rFire   . .          .
                       - Unarmed
rCold   . . .        (no shield)
rNeg    . . .        B - +0 steam dragon scales
rPois   .            (no helmet)
rElec   .            e - +0 cloak
rCorr   .            (gloves unavailable)
SInv    .            (no boots)
Will    .....        k - amulet of reflection
Stlth   ++           (no ring)
HPRegen 0.31/turn    (no ring)
MPRegen 0.11/turn

%: reflection
@: lethally poisoned (-5 -> -9), hasted and slowed
A: claws 3, powered by pain 3, camouflage 1, dopey 1, low MP 1
a: no special abilities


You were on level 7 of the Dungeon.
You visited 2 branches of the dungeon, and saw 8 of its levels.
You also visited: Sewer.

You collected 486 gold pieces.

Inventory:

Hand Weapons
 a - a +1 sling of flaming
 c - a +0 hand axe of electrocution
 l - the +0 hand axe of Corruption {heavy, Contam Str+3 Dex+5}
   (You found it on level 2 of the Dungeon)

   Str:       It affects your strength (+3).
   Dex:       It affects your dexterity (+5).
   Contam:    It causes magical contamination when unequipped.
 x - a +1 hand axe of venom
Missiles
 g - 14 poisoned darts
 o - a throwing net
Armour
 b - a +0 robe
 e - a +0 cloak (worn)
 B - +0 steam dragon scales (worn)
Magical Staves
 F - a staff of cold
Jewellery
 k - an amulet of reflection (around neck)
 D - a ring of protection from cold
Wands
 q - a wand of acid (4)
 s - a wand of flame (9)
 A - a wand of iceblast (3)
Scrolls
 d - 4 scrolls of teleportation
 f - 2 scrolls of poison
 h - a scroll of brand weapon
 i - a scroll of enchant armour {unknown}
 j - a scroll of silence {unknown}
 m - a scroll of amnesia {unknown}
 n - 2 scrolls of blinking
 r - a scroll of identify
 u - a scroll of fog
 v - a scroll of fear {unknown}
 y - 2 scrolls of immolation
 z - a scroll of acquirement {unknown}
 C - a scroll of noise
 G - a scroll of magic mapping {unknown}
Potions
 w - a potion of brilliance
 H - a potion of cancellation


   Skills:
 + Level 5.2 Fighting
 * Level 8.0 Ranged Weapons
 - Level 1.7 Dodging
 * Level 6.7 Unarmed Combat
 - Level 1.0 Spellcasting
 - Level 3.0 Hexes


You had 9 spell levels left.
You knew the following spells:

 Your Spells              Type           Power      Damage    Failure   Level
a - Slow                  Hex            40%        N/A       7%          1

Your spell library contained the following spells:

 Spells                   Type           Power      Damage    Failure   Level
 Freeze                   Ice            0%         1d3       22%         1
 Shock                    Conj/Air       0%         1d3       22%         1
 Blink                    Tloc           0%         N/A       34%         2
 Lesser Beckoning         Tloc           0%         N/A       34%         2
 Momentum Strike          Conj/Tloc      0%         3d8       34%         2
 Inner Flame              Hex/Fire       5%         N/A       36%         3
 Portal Projectile        Hex/Tloc       10%        N/A       36%         3
 Cause Fear               Hex            5%         N/A       54%         4
 Frozen Ramparts          Ice            0%         1d1       56%         3
 Hailstorm                Conj/Ice       0%         3d3       56%         3
 Swiftness                Air            0%         N/A       56%         3
 Airstrike                Air            0%         2d(0-16)  92%         4
 Animate Dead             Necr           0%         N/A       92%         4
 Haunt                    Necr/Summ      0%         N/A       100%        7
 Infestation              Necr           0%         N/A       100%        8


Dungeon Overview and Level Annotations

Branches:
Dungeon (7/15)             Temple (1/1) D:6           Sewer (visited)

Altars:
Ashenzari
Cheibriados
Fedhas
Gozag
Hepliaklqana
Kikubaaqudgha
Makhleb
Nemelex Xobeh
Okawaru
Qazlal
Ru
Sif Muna
Trog
Vehumet
Wu Jian
Xom

Shops:
D:1 [


Innate Abilities, Weirdness & Mutations

You have claws for hands.
You are powered by pain.
Your skin changes colour to match your surroundings (Stealth+).
You are dopey. (Int -2)
Your magical capacity is low. (-10% MP)


Message History

You feel as though you will be slow longer.
The hornet barely misses you.
You feel yourself speed up.
You feel very sick. You block the hornet's attack. The hornet stings you!
* * * LOW HITPOINT WARNING * * *
You feel as though you will be slow longer.
You feel better. The hornet barely misses you. You block the hornet's attack.
You closely miss the hornet.
The hornet is lightly wounded.
The hornet barely misses you.
You claw the hornet!
The hornet is moderately wounded.
The hornet stings you!
You feel as though you will be slow longer.
You closely miss the hornet.
The hornet is moderately wounded.
The hornet stings you.
You feel as though you will be slow longer.
The hornet stings you.
* * * LOW HITPOINT WARNING * * *
You feel as though you will be slow longer.
You barely miss the hornet.
The hornet is moderately wounded.
The hornet completely misses you.
You barely miss the hornet.
The hornet is moderately wounded.
The hornet closely misses you. The hornet stings you!
* * * LOW HITPOINT WARNING * * *
You are lethally poisoned!
You feel as though you will be slow longer.
You closely miss the hornet.
The hornet is moderately wounded.
* * * LOW HITPOINT WARNING * * *
You feel sick. You block the hornet's attack.
You closely miss the hornet.
The hornet is moderately wounded.
* * * LOW HITPOINT WARNING * * *
You feel sick. The hornet stings you.
You die...

#.# #.##.###..# #.#
#.##.# #..## #.###
#.#..# #.... #...#
#.#.## #..>. ###.# #.#.#
##### #.# #.#.# #.#
##.#.##
#.####...#.#######
#@#.....###....<.#
#y#.##...#.#####.#
#######c#.###.#.## #.#
#...........))#.# #รท#
#.#.#.....###.#.######.#
#.#>#.#.......#.#.##...!
#.#.#.........#..#......
#.#.#.#######.#(........
#.#.#.# #.###.##....


You could see a hornet and a centaur.

Vanquished Creatures
  Prince Ribbit (D:6)
  Sigmund (D:1)
  A steam dragon (D:6)
  2 water moccasins
  2 black bears
  An ice beast (D:7)
  An ogre (D:7)
  A kobold brigand (D:7)
  3 bullfrogs
  5 scorpions
  3 hounds
  Crazy Yiuf (D:3)
  2 jellies
  3 orc priests
  6 orc wizards
  5 iguanas
  10 adders
  2 shadow imps
  A white imp (D:5)
  A worm (D:5)
  7 dart slugs
  19 orcs
  12 ball pythons
  7 endoplasms
  6 giant cockroaches
  9 goblins
  5 hobgoblins
  14 jackals
  A quokka (D:5)
  A frilled lizard (D:1)
  12 kobolds
  5 rats
150 creatures vanquished.

Vanquished Creatures (others)
  An orc wizard (D:5)
1 creature vanquished.

Grand Total: 151 creatures vanquished

Notes
Turn   | Place    | Note
-------+----------+-------------------------------------------
     0 | D:1      | Alarkh the Demonspawn Hexslinger began the quest for the
                  | Orb.
     0 | D:1      | Reached XP level 1. HP: 15/15 MP: 2/2
    11 | D:1      | Reached skill level 2 in Ranged Weapons
    92 | D:1      | Gained mutation: You sometimes gain a little power by
                  | taking damage. [demonic ancestry]
    92 | D:1      | Reached XP level 2. HP: 21/21 MP: 3/3
   224 | D:1      | Found Neajiasy's Antique Armour Emporium.
   274 | D:1      | Reached skill level 3 in Ranged Weapons
   310 | D:1      | Gained mutation: You sometimes gain power by taking damage.
                  | [demonic ancestry]
   310 | D:1      | Reached XP level 3. HP: 17/26 MP: 4/4
   681 | D:2      | Identified the +0 hand axe of Corruption {heavy, Contam
                  | Str+3 Dex+5}
   877 | D:2      | Noticed Sigmund
   882 | D:2      | Gained mutation: You are dopey. (Int -2) [potion of
                  | mutation]
   882 | D:2      | Gained mutation: Your magical capacity is low. (-10% MP)
                  | [potion of mutation]
   882 | D:2      | Gained mutation: Your skin changes colour to match your
                  | surroundings (Stealth+). [potion of mutation]
  1163 | D:2      | Gained mutation: You have sharp fingernails. [demonic
                  | ancestry]
  1163 | D:2      | Reached XP level 4. HP: 32/32 MP: 4/4
  1439 | D:1      | Killed Sigmund
  1440 | D:1      | Reached skill level 4 in Ranged Weapons
  1440 | D:1      | Gained mutation: You have very sharp fingernails. [demonic
                  | ancestry]
  1440 | D:1      | Reached XP level 5. HP: 8/38 MP: 5/5
  1982 | D:3      | Gained mutation: You are powered by pain. [demonic
                  | ancestry]
  1982 | D:3      | Reached XP level 6. HP: 44/44 MP: 6/6
  2096 | D:3      | Found a runed translucent door.
  2097 | D:3      | Noticed Crazy Yiuf
  2373 | D:3      | Killed Crazy Yiuf
  2507 | D:4      | Noticed a water moccasin
  2510 | D:4      | Killed a water moccasin
  2511 | D:4      | Reached skill level 5 in Ranged Weapons
  2851 | D:4      | Found a bloodstained altar of Trog.
  2851 | D:4      | Found an ancient bone altar of Kikubaaqudgha.
  2905 | D:5      | Entered Level 5 of the Dungeon
  2937 | D:5      | Gained mutation: You have claws for hands. [demonic
                  | ancestry]
  2937 | D:5      | Reached XP level 7. HP: 48/51 MP: 7/7
  3101 | D:5      | Found a glowing drain.
  3214 | Sewer    | Entered a sewer
  3364 | D:5      | Reached skill level 6 in Ranged Weapons
  3649 | D:5      | Found a broken altar of Ashenzari.
  3656 | D:5      | Found a stormy altar of Qazlal.
  4148 | D:6      | Reached XP level 8. HP: 56/60 MP: 8/8
  4510 | D:6      | Reached skill level 5 in Unarmed Combat
  4580 | D:6      | Found a staircase to the Ecumenical Temple.
  4610 | Temple   | Entered the Ecumenical Temple
  4773 | D:6      | Noticed Prince Ribbit
  4819 | D:6      | Killed Prince Ribbit
  4820 | D:6      | Reached skill level 7 in Ranged Weapons
  5096 | D:6      | Found an ornate altar of the Wu Jian Council.
  5361 | D:7      | Reached XP level 9. HP: 62/67 MP: 9/9
  5536 | D:7      | Reached skill level 5 in Fighting
  5885 | D:7      | Found an opulent altar of Gozag.
  6099 | D:7      | Reached skill level 8 in Ranged Weapons
  6290 | D:7      | HP: 3/68 [poisoned by a hornet]
  6291 | D:7      | HP: 1/68 [poisoned by a hornet]
  6291 | D:7      | Slain by a hornet

Illustrated notes

Levels and vault maps discovered:
D:1:      minmay_arrival_arboretum_large, layout_rooms, serial_shops, shop_coins
D:2:      layout_rooms, uniq_sigmund
D:3:      layout_basic, kennysheep_generic_room_12, uniq_crazy_yiuf_cottage
D:4:      layout_basic, gammafunk_temple_overflow_elements,
          nicolae_underground_beach
D:5:      layout_rooms, minitemple, cheibrodos_sewer_entry_drain
D:6:      layout_gridville, mainiacjoe_overflow_alcove_4,
          minmay_temple_entry_wispy, kennysheep_another_room,
          uniq_prince_ribbit1
D:7:      layout_loops_ring, nicolae_gozag_seed_capital
Temple:   hellmonk_temple_forest_ring

Skill      XL: |  1  2  3  4  5  6  7  8  9 |
---------------+----------------------------+-----
Ranged Weapons | 2 3 4 5 6 7 8 |  8.0
Fighting       | 2 3 4 5 |  5.2
Unarmed Combat | 2 3 4 6 |  6.7
Dodging        | |  1.7
Spellcasting   | |  1.0
Hexes          | |  3.0

Action                     |  1- 3 |  4- 6 |  7- 9 || total
---------------------------+-------+-------+-------++-------
  Melee: Unarmed           |     9 |       |   155 ||   164
         Hand axe          |     4 |    50 |    47 ||   101
         Punch             |       |       |     2 ||     2
   Fire: Sling             |   135 |    92 |   179 ||   406
   Cast: Slow              |     1 |       |       ||     1
  Evoke: Wand              |       |       |     2 ||     2
    Use: Potion            |     3 |     2 |     6 ||    11
         Scroll            |     1 |     2 |     7 ||    10
   Stab: Sleeping          |       |     1 |     2 ||     3
         Distracted        |       |     1 |       ||     1
 Armour: Robe              |    23 |    16 |    18 ||    57
         Skin              |    17 |     1 |       ||    18
         Steam dragon scal |       |       |    35 ||    35
  Dodge: Dodged            |    75 |    38 |   128 ||   241
  Block: Other             |       |       |    40 ||    40
